 Dungeon Crawl Stone Soup version 0.21.1-1-g345015f (webtiles) character file.

95 goulibeur the Unweaver (level 4, -12/35 HPs)
             Began as a Demonspawn Abyssal Knight on July 23, 2018.
             Was a Follower of Lugonu.
             Mangled by an ogre
             ... wielding a +0 giant club
              (16 damage)
             ... on level 2 of the Dungeon.
             The game lasted 00:07:50 (2101 turns).

goulibeur the Unweaver (Demonspawn Abyssal Knight)  Turns: 2101, Time: 00:07:51

Health: -12/35     AC:  3    Str: 13    XL:     4   Next: 40%
Magic:  7/7        EV: 12    Int: 13    God:    Lugonu [*.....]
Gold:   74         SH:  0    Dex: 15    Spells: 3/3 levels left

rFire    . . .     SeeInvis .   a - +1 short sword
rCold    . . .     Gourm    .   (no shield)
rNeg     . . .     Faith    .   q - +0 leather armour {rPois}
rPois    +         Spirit   .   (no helmet)
rElec    .         Reflect  .   (no cloak)
rCorr    .         Harm     .   (no gloves)
MR       .....                  (no boots)
Stlth    ++........             (no amulet)
HPRegen  0.11/turn              (no ring)
MPRegen  0.10/turn              (no ring)

@: no status effects
A: thin skeletal structure 1, powered by death 1
a: Depart the Abyss, Renounce Religion


You were on level 2 of the Dungeon.
You worshipped Lugonu.
Lugonu was aware of your devotion.
You were not hungry.

You visited 1 branch of the dungeon, and saw 2 of its levels.
You visited the Abyss 1 time.

You collected 74 gold pieces.

Inventory:

Hand Weapons
 a - a +1 short sword (weapon)
Armour
 b - a +0 leather armour
 j - a +0 scale mail
 l - a +0 ring mail
 o - a +0 chain mail
 q - a +0 leather armour of poison resistance (worn)
Scrolls
 d - 3 scrolls of remove curse {unknown}
 h - 2 scrolls of amnesia {unknown}
 i - 3 scrolls of identify {unknown}
 k - a scroll of fog {unknown}
 m - 2 scrolls of teleportation {unknown}
 s - a scroll of immolation {unknown}
Potions
 e - a potion of lignification {unknown}
 f - a potion of might {unknown}
 g - 3 potions of mutation {unknown}
 p - a potion of flight {unknown}
 r - a potion of degeneration {unknown}
Comestibles
 c - 3 rations


   Skills:
 + Level 3.5 Fighting
 - Level 1.7 Short Blades
 + Level 2.4 Armour
 + Level 1.7 Dodging
 * Level 4.3 Invocations


You had 3 spell levels left.
You didn't know any spells.

Dungeon Overview and Level Annotations

Branches:
Dungeon (2/15)

Altars:
Okawaru


Innate Abilities, Weirdness & Mutations

You have a somewhat thin skeletal structure. (Dex +2, Stealth)
You regenerate a little health from kills.


Message History

The ogre hits you with a giant club.
Things that are here:
20 stones; an uncursed club; an uncursed hunting sling of freezing You see here a stone.
You hit the ogre.
The ogre is moderately wounded.
The ogre hits you with a giant club!
You hit the ogre.
The ogre is moderately wounded.
The ogre hits you with a giant club!
* * * LOW HITPOINT WARNING * * *
You hit the ogre.
The ogre is heavily wounded.
You hit the ogre.
The ogre is heavily wounded.
The ogre closely misses you.
You hit the ogre.
The ogre is severely wounded.
The ogre hits you with a giant club!
You die...

##.....#.....###.#######.######
..............##.######..#####
.................##..........#
................###..........#
.............................#
...........>...###.[.........#
.).............# #...........#
.............(####.####.######
.[............(O@..#....#
....#........#####...####
.#...........# #.############
.............# #.##.........#
#...#.......## #.##.........#
#..##.......# ##.##.........#
#..##.......## #..##.........###
...##........####.###............
..(..#######...##.# #............


You could see an ogre.

Vanquished Creatures
  An orc wizard (D:2)
  2 adders
  5 leopard geckos
  3 orcs (D:2)
  5 bats
  A giant cockroach (D:1)
  2 goblins
  5 hobgoblins (D:2)
  2 jackals (D:2)
  A ball python (D:1)
  3 frilled lizards
  7 kobolds
  4 rats
41 creatures vanquished.

Notes
Turn   | Place    | Note
-------+----------+-------------------------------------------
     0 | Abyss:1  | goulibeur the Demonspawn Abyssal Knight began the quest for the Orb.
     0 | Abyss:1  | Reached XP level 1. HP: 18/18 MP: 2/2
    66 | Abyss:1  | Found a deep blue altar of Sif Muna.
   112 | Abyss:1  | Noticed a fire bat
   113 | Abyss:1  | Found an ancient bone altar of Kikubaaqudgha.
   114 | D:1      | Escaped the Abyss
   209 | D:1      | Reached skill level 1 in Dodging
   257 | D:1      | Gained mutation: You regenerate a little health from kills. [demonic ancestry]
   257 | D:1      | Reached XP level 2. HP: 21/24 MP: 4/4
   276 | D:1      | Reached skill level 3 in Invocations
   493 | D:1      | You fall through a shaft!
   494 | D:2      | Found an iron altar of Okawaru.
   519 | D:1      | HP: 1/24 [adder (3)]
   895 | D:2      | Noticed an ogre
  1018 | D:2      | Gained mutation: You have a somewhat thin skeletal structure. (Dex +2, Stealth) [demonic ancestry]
  1018 | D:2      | Reached XP level 3. HP: 21/29 MP: 5/5
  1103 | D:2      | Reached * piety under Lugonu
  1256 | D:2      | Reached skill level 4 in Invocations
  1256 | D:2      | Reached XP level 4. HP: 17/35 MP: 5/7
  2101 | D:2      | Mangled by an ogre

Skill      XL: |  1  2  3 |
---------------+----------+-----
Dodging        | 1 |  1.7
Armour         | 2 |  2.4
Invocations    | 3 4 |  4.3
Fighting       | |  3.5
Short Blades   | |  1.7

Action                   |  1- 3 |  4- 6 || total
-------------------------+-------+-------++-------
Melee: Short sword       |   123 |    49 ||   172
Invok: Depart the Abyss  |     1 |       ||     1
  Eat: Chunk             |     1 |     1 ||     2
       Ration            |       |     1 ||     1
Armor: Leather armour    |    25 |     3 ||    28
       Ring mail         |    12 |       ||    12
       Scale mail        |     4 |       ||     4
       Chain mail        |    22 |    20 ||    42
Dodge: Dodged            |    85 |    32 ||   117
